 Dungeon Crawl Stone Soup version 0.31.0-32-g396128a36d (webtiles) character file.

Game seed: 12186740655803414750

287 Peloso the Slasher (level 6, -1/39 (53) HPs)
             Began as a Minotaur Fighter on Apr 17, 2024.
             Was an Initiate of Okawaru.
             Slain by an ufetubus (4 damage)
             ... summoned by Eustachio
             ... on level 3 of the Dungeon.
             The game lasted 00:05:13 (2680 turns).

Peloso the Slasher (Minotaur Fighter)               Turns: 2680, Time: 00:05:13

HP:   -1/39 (53)    AC: 12    Str: 21      XL:     6   Next: 8%
MP:   5/5           EV:  6    Int:  5      God:    Okawaru [......]
Gold: 160           SH:  4    Dex:  9 (11) Spells: 5/5 levels left

rFire   . . .        a - +0 long sword
rCold   . . .        d - +0 buckler
rNeg    . . .        k - +0 plate armour
rPois   +            (helmet restricted)
rElec   .            (no cloak)
rCorr   +            (no gloves)
SInv    .            (no boots)
Will    .....        (no amulet) Stlth
                     f - ring of resist corrosion
HPRegen 0.26/turn    (no ring)
MPRegen 0.09/turn

%: no passive effects
@: very heavily drained
A: horns 2, retaliatory headbutt, poison resistance
a: Renounce Religion


You were on level 3 of the Dungeon.
You worshipped Okawaru.
Okawaru was noncommittal.
You visited 1 branch of the dungeon, and saw 4 of its levels.

You collected 160 gold pieces.

Inventory:

Hand Weapons
 a - a +0 long sword (weapon)
Armour
 b - a +0 scale mail
 c - a +0 chain mail
 d - a +0 buckler (worn)
 k - a +0 plate armour (worn)
Jewellery
 f - a ring of resist corrosion (left hand)
Scrolls
 e - 4 scrolls of teleportation
 h - a scroll of amnesia
 i - a scroll of blinking
 j - 3 scrolls of identify
Potions
 g - a potion of might


   Skills:
 + Level 4.6 Fighting
 + Level 5.1 Long Blades
 + Level 5.0 Armour
 + Level 0.7 Dodging
 + Level 0.1 Stealth
 + Level 4.9 Shields


You had 5 spell levels left.
You didn't know any spells.
Your spell library contained the following spells:

 Spells                   Type           Power      Damage    Failure   Level
 Stone Arrow              Conj/Erth      0%         3d7       100%        3
 Lehudib's Crystal Spear  Conj/Erth      0%         10d2      100%        8
 Animate Armour           Summ/Erth      Unusable   N/A       N/A         4

Dungeon Overview and Level Annotations

Branches:
Dungeon (4/15)
 Temple: D:4-7

Altars:
Ashenzari
Okawaru

Annotations:
D:3 Eustachio


Innate Abilities, Weirdness & Mutations

You have a pair of horns on your head.
You reflexively headbutt those who attack you in melee.
Your system is resistant to poisons. (rPois)


Message History

The bat's corpse disappears in a puff of smoke!
The crimson imp lashes its tail.
The river rat bites you.
* * * LOW HITPOINT WARNING * * *
You closely miss Eustachio.
Eustachio is moderately wounded.
You block Eustachio's attack. The river rat bites you.
* * * LOW HITPOINT WARNING * * *
Unknown command.
Okay, then.
Eustachio attacks as he pursues you!
Eustachio hits you with a +2 rapier of draining.
* * * LOW HITPOINT WARNING * * *
You feel drained.
* * * LOW HITPOINT WARNING * * *
The crimson imp blinks!
Found 4 stones.
The quasit disappears in a puff of smoke!
There is a stone staircase leading up here.
Eustachio hits you but does no damage.
You feel drained.
You climb upwards.
The river rat disappears in a puff of smoke!
The crimson imp disappears in a puff of smoke!
The quokka disappears in a puff of smoke!
There is a stone staircase leading down here.
You hit Eustachio.
Eustachio is moderately wounded.
Eustachio hits you but does no damage.
You feel drained.
Okay, then.
You hit Eustachio but do no damage.
Eustachio is moderately wounded.
Eustachio gestures wildly while chanting.
You hit Eustachio but do no damage. You headbutt Eustachio.
Eustachio is heavily wounded.
Eustachio gestures wildly while chanting.
Eustachio blinks!
Eustachio gestures wildly while chanting.
The ufetubus hits you but does no damage.
The ufetubus hits you.
You die...

......# #..............[...
###.### #.####.####..######
#...# ##+## #<......# #...#
##...#########.# #...###
##.....## ###.###### ##.##.##
##r.@....## ##........#
#.#...####.........###.......#.#
#.....)..'...5.....+...<........
#.#...####....5@...###....##.#.#
#.##.## ##.......## #.......#.#
#.#### ##.....## #<.###..#.# #.#
##...## #....>....# #.# ##'##
#.......### ##.## #.# ######.##
#...# #.# #########.# #.#.##
##.## #[........# .....#
##...###.#########


You could see Eustachio, a white imp (summoned), an ufetubus (summoned) and a
rat (summoned).

Vanquished Creatures
  A vampire bat (D:3)
  A bombardier beetle (D:3)
  A gnoll (D:1)
  2 adders
  A dart slug (D:1)
  3 fire bats (D:3)
  A ribbon worm (D:4)
  9 orcs
  2 spectral bats (D:3)
  3 bat skeletons (D:3)
  A bat zombie (D:3)
  11 endoplasms
  2 giant cockroaches
  7 goblins
  8 hobgoblins
  8 jackals
  4 quokkas
  7 ball pythons
  14 bats
  A bat simulacrum (D:3)
  3 frilled lizards (D:3)
  5 kobolds
  5 rats
100 creatures vanquished.

Notes
Turn   | Place    | Note
-------+----------+-------------------------------------------
     0 | D:1      | Peloso the Minotaur Fighter began the quest for the Orb.
     0 | D:1      | Reached XP level 1. HP: 19/19 MP: 0/0
    67 | D:1      | Reached XP level 2. HP: 17/27 MP: 1/1
   433 | D:1      | Reached XP level 3. HP: 24/33 MP: 2/2
   606 | D:1      | Gained mutation: Your system is resistant to poisons.
                  | (rPois) [potion of mutation]
  1004 | D:2      | Found a broken altar of Ashenzari.
  1321 | D:3      | Reached XP level 4. HP: 40/40 MP: 3/3
  2031 | D:3      | Reached XP level 5. HP: 46/46 MP: 4/4
  2282 | D:3      | Reached skill level 5 in Long Blades
  2294 | D:3      | Found an iron altar of Okawaru.
  2302 | D:3      | Became a worshipper of Warmaster Okawaru
  2348 | D:4      | Reached XP level 6. HP: 53/53 MP: 5/5
  2454 | D:4      | Reached skill level 5 in Armour
  2623 | D:4      | Noticed Eustachio
  2672 | D:4      | HP: 2/42 [Eustachio/+2 rapier of draining (4)]
  2680 | D:3      | Slain by an ufetubus

Illustrated notes

Levels and vault maps discovered:
D:1:      dpeg_arrival_shelter, layout_basic, wad_floor_pattern_1
D:2:      layout_loops_ring, basic_altar, kennysheep_generic_room_3
D:3:      layout_loops_corners, okawaru_altar_gauntlet_db, wad_floor_pattern_2,
          goddamned_bats
D:4:      layout_loops_ring, minmay_temple_entry_slanted, uniq_eustachio

Skill      XL: |  1  2  3  4  5  6 |
---------------+-------------------+-----
Shields        | 4 |  4.9
Armour         | 4 5 |  5.0
Fighting       | 4 |  4.6
Long Blades    | 3 4 5 |  5.1
Dodging        | |  0.7
Stealth        | |  0.1

Action                     |  1- 3 |  4- 6 || total
---------------------------+-------+-------++-------
  Melee: Long sword        |   102 |   151 ||   253
         Headbutt          |    16 |    19 ||    35
    Use: Scroll            |     5 |       ||     5
         Potion            |     2 |       ||     2
 Armour: Scale mail        |    10 |       ||    10
         Chain mail        |    66 |   132 ||   198
         Plate armour      |       |    97 ||    97
  Dodge: Dodged            |    45 |   110 ||   155
  Block: Buckler           |    26 |    71 ||    97
